 Dungeon Crawl Stone Soup version 0.25-a0-589-g1e14c54 (webtiles) character file.

Game seed: 15404204108985439331, levelgen mode: deterministic

187 lonewolf12 the Skirmisher (level 5, -1/46 HPs)
             Began as a Draconian Berserker on Mar 10, 2020.
             Was a Believer of Trog.
             Slain by an orc priest
             ... wielding a +0 mace
              (4 damage)
             ... on level 4 of the Dungeon.
             The game lasted 00:08:45 (2566 turns).

lonewolf12 the Skirmisher (Draconian Berserker)     Turns: 2566, Time: 00:08:45

Health: -1/46      AC:  5    Str: 19    XL:     5   Next: 39%
Magic:  5/5        EV: 13    Int:  8    God:    Trog [**....]
Gold:   153        SH:  0    Dex: 11    Spells: 4/4 levels left

rFire    . . .     SeeInvis .   n - +2 dagger (speed)
rCold    . . .     Gourm    .   (no shield)
rNeg     . . .     Faith    .   (armour unavailable)
rPois    .         Spirit   .   (helmet restricted)
rElec    .         Reflect  .   (no cloak)
rCorr    .         Harm     .   (no gloves)
MR       .....                  (no boots)
Stlth    ++........             (no amulet)
HPRegen  0.15/turn              (no ring)
MPRegen  0.09/turn              (no ring)

@: stab
A: unfitting armour, cold-blooded, AC +5
a: Berserk, Trog's Hand, Renounce Religion


You were on level 4 of the Dungeon.
You worshipped Trog.
Trog was pleased with you.
You were hungry.

You visited 1 branch of the dungeon, and saw 4 of its levels.

You collected 153 gold pieces.

Inventory:

Hand Weapons
 a - a +0 hand axe
 e - a +2 mace of holy wrath
 n - a +2 dagger of speed (weapon)
Missiles
 i - 8 datura-tipped darts (quivered)
Wands
 g - a wand of flame (19)
 p - a wand of iceblast (9)
Scrolls
 c - a scroll of random uselessness {unknown}
 d - 4 scrolls of remove curse {unknown}
 f - 4 scrolls of identify {unknown}
 h - 2 scrolls of magic mapping {unknown}
 j - a scroll of immolation {unknown}
 l - a scroll of enchant armour {unknown}
 m - 2 scrolls of teleportation {unknown}
 q - a scroll of fog {unknown}
Potions
 k - a potion of stabbing
Comestibles
 b - 9 rations


   Skills:
 + Level 4.2 Fighting
 + Level 0.5 Short Blades
 + Level 4.1(4.3) Axes
 + Level 1.5(3.0) Maces & Flails
 + Level 3.6 Dodging
 + Level 1.1 Stealth


You had 4 spell levels left.
You didn't know any spells.
Your spell library was empty.

Dungeon Overview and Level Annotations

Branches:
Dungeon (4/15)
 Temple: D:4-7

Altars:
Elyvilon
Fedhas
Gozag
Okawaru


Innate Abilities, Weirdness & Mutations

Your plain brown scales are hard. (AC +5)
You cannot fit into any form of body armour.
You are cold-blooded and may be slowed by cold attacks.


Message History

You hit the orc.
The orc is moderately wounded.
The orc priest calls down the wrath of Beogh upon you.
Pain shoots through your body!
* * * LOW HITPOINT WARNING * * *
The orc wizard casts a spell.
The orc wizard blinks!
It was a potion of stabbing.
You feel ready to backstab.
The orc priest calls upon Beogh to heal the orc.
The orc's wounds heal themselves!
The orc barely misses you.
You hit the orc priest.
The orc priest is moderately wounded.
The orc priest hits you with a +0 club.
* * * LOW HITPOINT WARNING * * *
The orc barely misses you.
You closely miss the orc priest.
The orc priest is moderately wounded.
The orc priest hits you with a +0 mace.
You die...

#$# #.# #..##.#
#....## #....#
#....#
#.######....####
#o....o....oo..#
#.><...o@.##
##.....##..#
#.....####.#
##....# ##
#....# #.....#
#...... .....#..


You could see 2 orc priests, an orc wizard and an orc.

Vanquished Creatures
  An orc wizard (D:3)
  Terence (D:2)
  6 adders
  3 worms
  2 dart slugs
  3 leopard geckos
  9 orcs
  A ball python (D:2)
  3 giant cockroaches
  5 hobgoblins
  9 kobolds
  2 quokkas
  4 bats
  4 frilled lizards
  3 goblins
  4 rats
60 creatures vanquished.

Notes
Turn   | Place    | Note
-------+----------+-------------------------------------------
     0 | D:1      | lonewolf12 the Draconian Berserker began the quest for the
                  | Orb.
     0 | D:1      | Reached XP level 1. HP: 19/19 MP: 1/1
   399 | D:1      | Reached XP level 2. HP: 20/26 MP: 2/2
   682 | D:2      | Found a blossoming altar of Fedhas.
   682 | D:2      | Noticed Terence
   709 | D:2      | Killed Terence
   709 | D:2      | Reached XP level 3. HP: 17/33 MP: 3/3
  1172 | D:2      | Reached XP level 4. HP: 26/40 MP: 4/4
  1278 | D:2      | Reached ** piety under Trog
  1344 | D:3      | HP: 1/60 [orc/+0 trident (4)]
  1427 | D:3      | Reached skill level 1 in Maces & Flails
  1830 | D:3      | Found a white marble altar of Elyvilon.
  1831 | D:3      | Found an iron altar of Okawaru.
  1854 | D:3      | Reached skill level 1 in Stealth
  1924 | D:3      | Reached XP level 5. HP: 44/46 MP: 5/5
  2195 | D:3      | Found an opulent altar of Gozag.
  2566 | D:4      | Slain by an orc priest

Levels and vault maps discovered:
D:1:      dpeg_arrival_more_subterranean_lakeside_camping, layout_loops_ring,
          due_unseen_surprise
D:2:      layout_basic, fedhas_altar_2, uniq_terence
D:3:      layout_loops_ring, grunt_temple_overflow_open,
          grunt_gozag_breadcrumbs, dk_noncrumbling_4,
          chequers_serial_rivers_micro_b, kennysheep_another_room
D:4:      layout_layer_cave, serial_shops, shop_statue, first_ration

Skill      XL: |  1  2  3  4 |
---------------+-------------+-----
Dodging        | 3 |  3.6
Fighting       | 4 |  4.2
Axes           | 4 |  4.1
Maces & Flails | 1 |  1.5
Stealth        | 1 |  1.1
Short Blades   | |  0.5

Action                   |  1- 3 |  4- 6 || total
-------------------------+-------+-------++-------
Melee: Hand axe          |    46 |       ||    46
       Tailslap          |     9 |    21 ||    30
       Mace              |    20 |    62 ||    82
       Dagger            |       |    73 ||    73
  Use: Potion            |     3 |     2 ||     5
 Stab: Invisible         |     2 |       ||     2
  Eat: Chunk             |     1 |     4 ||     5
Armor: Skin              |    15 |    81 ||    96
Dodge: Dodged            |    45 |   101 ||   146

Table legend:
 A = Non-vault XP
 B = Vault XP
 C = Vault XP percentage of total XP
 D = Non-vault monster count
 E = Vault monster count
 F = Vault count percentage of total count
                 A         B        C        D         E       F
            +---------+---------+-------+---------+---------+-------
      Total |     232 |      36 |  13.4 |      59 |       1 |   1.7
            +---------+---------+-------+---------+---------+-------
        D:1 |      15 |       0 |   0.0 |       9 |       0 |   0.0
        D:2 |      61 |      36 |  37.1 |      18 |       1 |   5.3
        D:3 |     153 |       0 |   0.0 |      31 |       0 |   0.0
        D:4 |       3 |       0 |   0.0 |       1 |       0 |   0.0
            +---------+---------+-------+---------+---------+-------
